 Dungeon Crawl Stone Soup version 0.24.0-2-g5b39cebb1c (console) character file.

Game seed: 13355871802269477709, levelgen mode: deterministic

99 AlterAsc the Gusty (level 4, -2/24 HPs)
             Began as a Tengu Air Elementalist on Oct 30, 2019.
             Slain by an orc wizard
             ... wielding a +0 dagger of draining
              (4 damage)
             ... on level 3 of the Dungeon.
             The game lasted 00:06:43 (2473 turns).

AlterAsc the Gusty (Tengu Air Elementalist)         Turns: 2473, Time: 00:06:44

Health: -2/24      AC:  2    Str:  9    XL:     4   Next: 72%
Magic:  9/9        EV: 13    Int: 16    God:
Gold:   114        SH:  0    Dex: 17    Spells: 7/8 levels left

rFire    . . .     SeeInvis .   m - +0 dagger
rCold    . . .     Gourm    .   (no shield)
rNeg     . . .     Faith    .   a - +0 robe
rPois    .         Spirit   .   (helmet restricted)
rElec    .         Reflect  .   (no cloak)
rCorr    .         Harm     .   (no gloves)
MR       .....                  (boots unavailable)
Stlth    +.........             (no amulet)
HPRegen  0.08/turn              p - +3 ring of dexterity
MPRegen  0.11/turn              (no ring)

@: confused, very slightly contaminated, lightly drained
A: beak, talons 3
a: no special abilities


You were on level 3 of the Dungeon.
You were not hungry.

You visited 1 branch of the dungeon, and saw 3 of its levels.

You collected 114 gold pieces.

Inventory:

Hand Weapons
 m - a +0 dagger (weapon)
Armour
 a - a +0 robe (worn)
 i - a scarf of spirit shield
Jewellery
 p - a +3 ring of dexterity (left hand)
Scrolls
 b - 4 scrolls of identify {unknown}
 e - a scroll of immolation {unknown}
 f - a scroll of enchant weapon {unknown}
 g - a scroll of random uselessness {unknown}
 h - 7 scrolls of teleportation {unknown}
 j - a scroll of amnesia {unknown}
 k - a scroll of fog {unknown}
Potions
 n - a potion of invisibility {unknown}
 o - a potion of might {unknown}
 q - a potion of curing {unknown}
Comestibles
 c - 4 rations
 l - 4 chunks of flesh


   Skills:
 - Level 2.3(2.0) Dodging
 - Level 2.1(1.9) Stealth
 + Level 2.9(2.7) Spellcasting
 + Level 3.3(3.1) Conjurations
 + Level 5.1(4.8) Air Magic


You had 7 spell levels left.
You knew the following spells:

 Your Spells              Type           Power        Failure   Level  Hunger
a - Shock                 Conj/Air       ##..         3%          1    #......

Your spell library contained the following spells:

 Spells                   Type           Power        Failure   Level  Hunger
 Swiftness                Chrm/Air       #.......     11%         2    ##.....
 Static Discharge         Conj/Air       ##......     12%         3    ###....
 Airstrike                Air            ###.......   26%         4    #####..
 Lightning Bolt           Conj/Air       ##........   71%         5    ######.


Dungeon Overview and Level Annotations

Branches:
Dungeon (3/15)

Altars:


Innate Abilities, Weirdness & Mutations

You have a beak for a mouth.
You have claws for feet.


Message History

Casting: Shock (safe; 3% risk of failure)
Confirm with . or Enter, or press ? or * to list all spells.
Aiming: Shock (safe; 3% risk of failure)
Press: ? - help, Shift-Dir - straight line Something hits you.
* * * LOW HITPOINT WARNING * * *
You feel drained.
* * * LOW HITPOINT WARNING * * *
You hear some strange, mumbled words.
Something tries to affect you, but you resist.
You hear some strange, mumbled words.
You are confused.
Okay, then.
It was a potion of magic.
Magic courses through your body.
A magic dart appears from out of thin air!
The magic dart hits you.
* * * LOW HITPOINT WARNING * * *
You bump into the rock wall.
You barely miss something. Your kick misses something. Something hits you.
You die...

##.## #.# .# #.# #.# ..#
#.# #.# .. ##.## #.# ..
##...## #.# ###.
##...†.#####.# #.. #
#..............# #.# .#
#..#.....####.######.##..#
#..##...## #@...........#
... ##### ########.##.##
#. #)# # #.# #
#######.##.# .)..o......#
#######)#### #.# #.#


There were no monsters in sight!

Vanquished Creatures
  2 adders (D:2)
  An ooze (D:2)
  A worm (D:2)
  5 dart slugs (D:1)
  A leopard gecko (D:1)
  2 orcs (D:3)
  4 giant cockroaches
  10 goblins
  6 hobgoblins (D:1)
  4 jackals (D:3)
  A ball python (D:1)
  7 bats
  2 frilled lizards
  4 kobolds
  9 rats
59 creatures vanquished.

Notes
Turn   | Place    | Note
-------+----------+-------------------------------------------
     0 | D:1      | AlterAsc the Tengu Air Elementalist began the quest for the
                  | Orb.
     0 | D:1      | Reached XP level 1. HP: 10/10 MP: 4/4
   153 | D:1      | Reached XP level 2. HP: 15/15 MP: 1/6
   618 | D:1      | Reached XP level 3. HP: 19/19 MP: 3/7
  1475 | D:2      | Reached XP level 4. HP: 19/24 MP: 2/9
  2049 | D:2      | Reached skill level 5 in Air Magic
  2473 | D:3      | Slain by an orc wizard

Levels and vault maps discovered:
D:1:      dpeg_arrival_arbitrary_a, layout_loops_corners, minmay_pentomino_u4
D:2:      layout_basic
D:3:      layout_loops_ring, lemuel_doored_altar, st_stairs_7,
          minmay_tree_intersection, corexii_item_surrounded_by_moat,
          supply_closet_lemuel, uniq_natasha, uniq_jessica

Skill      XL: |  1  2  3  4 |
---------------+-------------+-----
Conjurations   | 2 3 |  3.3
Air Magic      | 5 |  5.1
Dodging        | |  2.3
Stealth        | |  2.1
Spellcasting   | |  2.9

Action                   |  1- 3 |  4- 6 || total
-------------------------+-------+-------++-------
Melee: Dagger            |       |     3 ||     3
       Kick              |       |     1 ||     1
       Peck              |       |     1 ||     1
 Cast: Shock             |    79 |    47 ||   126
  Use: Potion            |       |     1 ||     1
  Eat: Chunk             |     2 |     4 ||     6
Armor: Robe              |     6 |     2 ||     8
Dodge: Dodged            |    14 |     8 ||    22
